 Dungeon Crawl Stone Soup version 0.27-a0-1196-g3e9cee4cb2 (console) character file.

Game seed: 6444273454938062297

2032 Gather the Conjurer (level 9, 0/52 HPs)
             Began as a Tengu Fire Elementalist on May 26, 2021.
             Was a Believer of Vehumet.
             Succumbed to Duvessa's poison
             ... on level 5 of the Dungeon on May 27, 2021.
             The game lasted 00:48:21 (8158 turns).

Gather the Conjurer (Tengu Fire Elementalist)       Turns: 8158, Time: 00:48:22

Health: 0/52       AC:  5    Str:  9    XL:     9   Next: 23%
Magic:  4/13       EV: 34    Int: 18    God:    Vehumet [**....]
Gold:   163        SH:  0    Dex: 15    Spells: 2/12 levels left

rFire    + . .     SeeInvis .   n - +2 long sword (vamp)
rCold    . . .     Faith    .   (no shield)
rNeg     . . .     Spirit   .   t - +0 leather armour of the Weaver {rF+ Will+ Stlth+}
rPois    .         Reflect  .   r - +0 hat
rElec    .         Harm     .   b - +1 cloak
rCorr    .         Rampage  .   (no gloves)
Will     +....                  (boots unavailable)
Stlth    ++++......             A - amulet of the acrobat
HPRegen  0.17/turn              p - +4 ring of evasion
MPRegen  0.13/turn              (no ring)

@: lethally poisoned (0 -> -6), acrobatic, flying quickly and evasively, quick
A: beak, talons 3, nimble flight
a: Renounce Religion


You were on level 5 of the Dungeon.
You worshipped Vehumet.
Vehumet was pleased with you.
You visited 2 branches of the dungeon, and saw 7 of its levels.

You collected 163 gold pieces.

Inventory:

Hand Weapons
 e - a +0 dagger of speed
 l - a +3 bardiche of holy wrath
 n - a +2 vampiric long sword (weapon)
 v - a +0 hunting sling
 y - a +0 hand crossbow of freezing
 B - a +1 dagger of speed
Missiles
 c - 100 arrows
 d - 15 poisoned darts (quivered)
 j - 186 stones
 w - 20 sling bullets
 x - 4 silver javelins
 z - 85 bolts
Armour
 a - a +0 robe
 b - a +1 cloak (worn)
 i - a +0 pair of boots
 r - a +0 hat (worn)
 s - a +0 leather armour
 t - the +0 leather armour of the Weaver (worn) {rF+ Will+ Stlth+}
   (You found it on level 5 of the Dungeon)

   It protects you from fire.
   It increases your willpower.
   It makes you more stealthy.
 D - a +2 robe of cold resistance
Jewellery
 p - a +4 ring of evasion (left hand)
 A - an amulet of the acrobat (around neck)
Wands
 g - a wand of flame (16)
 q - a wand of paralysis (5)
Potions
 f - a potion of heal wounds
 h - a potion of attraction {unknown}
 k - a potion of curing
 m - a potion of might {unknown}
 o - a potion of flight {unknown}
 u - a potion of resistance {unknown}


   Skills:
 + Level 3.6 Fighting
 - Level 3.0 Long Blades
 + Level 4.0 Armour
 + Level 4.3 Dodging
 - Level 5.7 Stealth
 + Level 2.3 Spellcasting
 + Level 7.2 Conjurations
 + Level 3.8 Translocations
 - Level 4.3 Fire Magic


You had 2 spell levels left.
You knew the following spells:

 Your Spells              Type           Power      Damage    Failure   Level
a - Foxfire               Conj/Fire      88%        2x1d8     2%          1
b - Searing Ray           Conj           56%        3d5       1%          2
c - Conjure Flame         Conj/Fire      22%        6-21      7%          3
m - Iskenderun's Mystic   Conj/Tloc      22%        2d6       24%         4

Your spell library contained the following spells:

 Spells                   Type           Power      Damage    Failure   Level
 Freeze                   Ice            8%         1d3       24%         1
 Magic Dart               Conj           100%       1d8       1%          1
 Dazzling Flash           Conj/Hex       30%        N/A       16%         3
 Sticky Flame             Conj/Fire      22%        2d4       22%         4
 Inner Flame              Hex/Fire       9%         N/A       30%         3
 Fulminant Prism          Conj/Hex       7%         3d7       47%         4
 Fireball                 Conj/Fire      11%        3d7       52%         5
 Cause Fear               Hex            1%         N/A       94%         4
 Silence                  Hex/Air        1%         N/A       100%        5
 Yara's Violent Unravell  Hex/Tmut       1%         3d3       100%        5
 Discord                  Hex            1%         N/A       100%        8


Dungeon Overview and Level Annotations

Branches:
Dungeon (6/15)             Temple (1/1) D:5

Altars:
Ashenzari
Cheibriados
Dithmenos
Elyvilon
Fedhas
Gozag
Hepliaklqana
Kikubaaqudgha
Makhleb
Nemelex Xobeh
Okawaru
Qazlal
Ru
Sif Muna
Trog
Uskayaw
Vehumet
Wu Jian
Xom
Yredelemnul
The Shining One


Innate Abilities, Weirdness & Mutations

You have a beak for a mouth.
You have claws for feet.
Your magical nature lets you fly swiftly and evasively.


Message History

There is a stone staircase leading up here.
Casting: Iskenderun's Mystic Blast (quite dangerous; 26% risk of failure)
Confirm with . or Enter, or press ? or * to list all spells.
Aiming: Searing Ray (safe; 1% risk of failure)
Press: ? - help, Shift-Dir - straight line, f/p - Duvessa
Aim: Duvessa, wielding a +1 short sword of venom and wearing a +0 leather armour (heavily wounded, berserk, 82% to hit)
The searing ray hits Duvessa.
Duvessa is heavily wounded. (Press . to maintain the ray.) Duvessa closely misses you.
You riposte.
You hit Duvessa. Your peck misses Duvessa.
Duvessa is severely wounded.
The searing ray hits Duvessa!
Duvessa is almost dead.
Duvessa completely misses you.
Duvessa hits you with a +1 short sword of venom!
You are lethally poisoned!
The searing ray hits Duvessa.
Duvessa is almost dead.
* * * LOW HITPOINT WARNING * * *
You feel very sick. Duvessa barely misses you.
You riposte.
You closely miss Duvessa. You claw Duvessa, but do no damage.
Duvessa is almost dead.
The searing ray hits Duvessa.
You kill Duvessa!
Vehumet accepts your kill. Vehumet offers you knowledge of Freeze.
You finish channeling your searing ray.
* * * LOW HITPOINT WARNING * * *
You feel very sick.
Your Armour skill increases to level 4!
Okay, then.
* * * LOW HITPOINT WARNING * * *
You feel very sick.
You fly upwards.
* * * LOW HITPOINT WARNING * * *
You feel very sick.
There is a stone staircase leading down here.
* * * LOW HITPOINT WARNING * * *
You feel sick.
You die...

#.# #.# #.# #.# #.# #.#######
#.# #.##....## #.# #..'.....#
#.# ####.....# #.#
#.....################ #.#
#####................. #.#
#...#######....... #.#
#####...#######....... #.#
#...#@..'............. #.#
##...#...#######....... #.#
#........# #........ #.#
#.....#### ###?.⌠..###
#†#######.....# #.......# #
#......##.....#### #.>⌠.>.⌠###
######.##........####........##
#...'................⌠.[.##
#..##..[...!...##..........
#..##..........##..........
#..##..........##..........


There were no monsters in sight!

Vanquished Creatures
  Pikel (D:4)
  Menkaure (D:5)
  Duvessa (D:6)
  A black bear (D:4)
  An ice beast (D:5)
  3 ogres
  A lemure (D:4)
  Dowan (D:6)
  4 wights (D:6)
  A centaur zombie (D:4)
  2 hounds
  2 bullfrog skeletons (D:5)
  2 gnoll shamans
  An orc priest (D:3)
  Ijyb (D:4)
  2 iguanas
  2 orc wizards (D:3)
  Natasha (twice) (D:3)
  A statue (D:5)
  A hound skeleton (D:4)
  A howler monkey zombie (D:6)
  10 gnolls
  7 adders
  An ufetubus (D:4)
  A worm (D:4)
  A dart slug (D:1)
  7 orcs
  7 endoplasms
  A giant cockroach (D:2)
  18 goblins
  14 hobgoblins
  3 jackals (D:1)
  8 kobolds
  A quokka (D:3)
  5 ball pythons
  6 bats
  A frilled lizard (D:1)
  7 rats
130 creatures vanquished.

Vanquished Creatures (others)
  97 foxfires
  2 plants (D:5)
99 creatures vanquished.

Grand Total: 229 creatures vanquished

Notes
Turn   | Place    | Note
-------+----------+-------------------------------------------
     0 | D:1      | Gather the Tengu Fire Elementalist began the quest for the
                  | Orb.
     0 | D:1      | Reached XP level 1. HP: 10/10 MP: 4/4
   259 | D:1      | Reached skill level 2 in Conjurations
   264 | D:1      | Reached XP level 2. HP: 15/15 MP: 1/6
   879 | D:1      | Reached XP level 3. HP: 19/19 MP: 5/7
   912 | D:1      | Learned a level 3 spell: Conjure Flame
  1054 | D:1      | Found a faded altar of an unknown god.
  1333 | D:2      | Reached skill level 3 in Conjurations
  2146 | D:3      | Learned a level 2 spell: Searing Ray
  2193 | D:3      | Reached XP level 4. HP: 24/24 MP: 5/8
  2651 | D:3      | Reached skill level 1 in Fighting
  2758 | D:3      | Gained mutation: Your magical nature lets you fly swiftly
                  | and evasively. [Tengu growth]
  2758 | D:3      | Reached XP level 5. HP: 29/29 MP: 1/9
  2909 | D:3      | Noticed Natasha
  2912 | D:3      | Killed Natasha
  3052 | D:3      | Reached skill level 4 in Conjurations
  3208 | D:3      | Found a white marble altar of Elyvilon.
  3208 | D:3      | Found a hazy altar of Hepliaklqana.
  3216 | D:3      | Found an ancient bone altar of Kikubaaqudgha.
  3218 | D:3      | Found a faded altar of an unknown god.
  3220 | D:3      | Found a faded altar of an unknown god.
  3382 | D:3      | Noticed Natasha
  3387 | D:3      | Killed Natasha
  3436 | D:4      | Reached XP level 6. HP: 35/35 MP: 7/10
  3537 | D:4      | Reached skill level 5 in Conjurations
  3673 | D:4      | Noticed Ijyb
  3764 | D:4      | You are sucked into a shaft and drop 2 floors!
  3775 | D:6      | Reached skill level 6 in Conjurations
  4122 | D:5      | Entered Level 5 of the Dungeon
  4165 | D:5      | Reached XP level 7. HP: 40/40 MP: 5/11
  4341 | D:5      | Found a radiant altar of Vehumet.
  4347 | D:5      | Became a worshipper of Vehumet
  4481 | D:5      | Reached skill level 7 in Conjurations
  4505 | D:5      | Learned a level 4 spell: Iskenderun's Mystic Blast
  4602 | D:5      | Noticed Menkaure
  4675 | D:5      | Reached skill level 1 in Translocations
  4884 | D:4      | Reached skill level 1 in Long Blades
  5034 | D:4      | Killed Ijyb
  5162 | D:4      | Noticed Pikel
  5176 | D:4      | Killed Pikel
  5177 | D:4      | Reached skill level 5 in Stealth
  5177 | D:4      | Reached XP level 8. HP: 26/44 MP: 0/12
  5707 | D:5      | Found a shimmering blue altar of Sif Muna.
  5885 | D:5      | Found a staircase to the Ecumenical Temple.
  5971 | D:5      | Reached * piety under Vehumet
  5971 | D:5      | Offered knowledge of Shock by Vehumet.
  5974 | D:5      | Identified the +0 leather armour of the Weaver {rF+ Will+
                  | Stlth+}
  7187 | D:5      | Killed Menkaure
  7188 | D:5      | Reached XP level 9. HP: 27/51 MP: 7/13
  7419 | D:5      | Upgraded the game from 0.27-a0-1193-g8631133539 to
                  | 0.27-a0-1196-g3e9cee4cb2
  7494 | Temple   | Entered the Ecumenical Temple
  7840 | D:6      | Noticed Duvessa
  7840 | D:6      | Noticed Dowan
  7925 | D:6      | Killed Dowan
  8154 | D:6      | Killed Duvessa
  8154 | D:6      | Reached ** piety under Vehumet
  8154 | D:6      | Offered knowledge of Freeze by Vehumet.
  8157 | D:5      | HP: 2/52 [poisoned by Duvessa]
  8158 | D:5      | Succumbed to Duvessa's poison

Illustrated notes

Levels and vault maps discovered:
D:1:      ebering_trefoil_3fold, layout_rooms,
          shapermc_ecumenical_altar_mp_urbaneastern, minmay_misc_feat_chi
D:2:      layout_loops_ring, minmay_quantized
D:3:      layout_loops_ring, chequers_temple_overflow_minitemple, uniq_natasha
D:4:      layout_cave_pools, minivault_23, uniq_ijyb, uniq_pikel
D:5:      corexii_shantytown, layout_basic, vehumet_statue,
          lemuel_crystal_altar, temple_fountains, uniq_menkaure
D:6:      layout_rooms, uniq_duvessa
Temple:   eino_temple_rhombus

Skill      XL: |  1  2  3  4  5  6  7  8  9 |
---------------+----------------------------+-----
Conjurations   | 2 3 4 6 7 |  7.2
Fire Magic     | 4 |  4.3
Fighting       | 1 2 3 |  3.6
Dodging        | 3 4 |  4.3
Stealth        | 3 5 |  5.7
Translocations | 2 3 |  3.8
Long Blades    | 3 |  3.0
Armour         | 2 3 4 |  4.0
Spellcasting   | |  2.3

Action                   |  1- 3 |  4- 6 |  7- 9 || total
-------------------------+-------+-------+-------++-------
Melee: Dagger            |    30 |     4 |       ||    34
       Kick              |     5 |     3 |     9 ||    17
       Unarmed           |     2 |       |       ||     2
       Peck              |     4 |     1 |     3 ||     8
       Long sword        |       |     8 |    23 ||    31
       Bardiche          |       |       |     7 ||     7
Throw: Dart              |       |       |    15 ||    15
 Cast: Foxfire           |    36 |    12 |    12 ||    60
       Conjure Flame     |     7 |       |     2 ||     9
       Searing Ray       |     1 |    25 |    45 ||    71
  Use: Scroll            |       |     6 |     3 ||     9
       Potion            |       |       |     2 ||     2
 Stab: Sleeping          |     1 |     1 |     5 ||     7
Armor: Robe              |     7 |     2 |     3 ||    12
       Leather armour    |       |       |     8 ||     8
Dodge: Dodged            |    17 |    19 |    71 ||   107
       Rpst.: Long sword |       |     3 |    12 ||    15

Table legend: (Time is in decaauts)
 A = Elapsed time spent in this place.
 B = Non-inter-level travel time spent in this place.
 C = Inter-level travel time spent in this place.
 D = Time resting spent in this place.
 E = Time spent auto-exploring this place.
 F = Levels seen in this place.
 G = Mean time per level.
                   A        B        C        D        E       F      G
               +--------+--------+--------+--------+--------+-----+--------+
         Total |   7891 |   7483 |    408 |   1591 |   4051 |   7 | 1127.3 |
       Dungeon |   7729 |   7331 |    398 |   1591 |   3901 |   6 | 1288.2 |
        Temple |    161 |    152 |      9 |      0 |    150 |   1 |  161.0 |
               +--------+--------+--------+--------+--------+-----+--------+

Top non-repeatable levels by time:
     D:5: 2525 daAuts
     D:3: 1548 daAuts
     D:1: 1118 daAuts
     D:4: 1000 daAuts
     D:2: 942 daAuts
     D:6: 594 daAuts
  Temple: 161 daAuts
